 Dungeon Crawl Stone Soup version 0.28.0-43-g3370ac3207 (webtiles) character file.

Game seed: 741935526049595705

5486 Cykl0x the Destroyer (level 10, 0/52 HPs)
             Began as a Gargoyle Earth Elementalist on Mar 1, 2022.
             Was a Believer of Vehumet.
             Slain by a sun demon (14 damage)
             ... summoned by a kobold demonologist
             ... on level 8 of the Dungeon.
             The game lasted 00:16:23 (7808 turns).

Cykl0x the Destroyer (Gargoyle Earth Elementalist)  Turns: 7808, Time: 00:16:24

Health: 0/52       AC: 20    Str: 15    XL:     10   Next: 69%
Magic:  11/30      EV:  8    Int: 17    God:    Vehumet [**....]
Gold:   390        SH:  7    Dex: 10    Spells: 19/24 levels left

rFire   . . .      SeeInvis +   u - +0 falchion (vorpal)
rCold   + . .      Faith    .   y - +0 kite shield
rNeg    + . .      Spirit   .   i - +2 scale mail {rC+}
rPois   ∞          Reflect  .   o - +0 helmet
rElec   +          Harm     .   (no cloak)
rCorr   .          Rampage  .   m - +0 pair of gloves
Will    .....                   l - +1 pair of boots
Stlth   ..........              j - amulet of magic regeneration
HPRegen 0.17/turn               e - ring of see invisible
MPRegen 0.62/turn               s - ring of magical power

@: no status effects
A: sickness immunity, AC +7, negative energy resistance 1, electricity
resistance, torment resistance 1, petrification resistance
a: Renounce Religion


You were on level 8 of the Dungeon.
You worshipped Vehumet.
Vehumet was pleased with you.
You visited 2 branches of the dungeon, and saw 9 of its levels.

You collected 390 gold pieces.

Inventory:

Hand Weapons
 a - a +0 short sword
 p - a +3 dagger of electrocution
 u - a +0 vorpal falchion (weapon)
 v - a +0 long sword
Missiles
 c - 267 stones
 x - 6 throwing nets
Armour
 b - a +0 robe
 d - a +1 hat
 g - a +1 ring mail
 i - a +2 scale mail of cold resistance (worn)
 l - a +1 pair of boots (worn)
 m - a +0 pair of gloves (worn)
 o - a +0 helmet (worn)
 y - a +0 kite shield (worn)
Jewellery
 e - a ring of see invisible (left hand)
 j - an amulet of magic regeneration (around neck)
 s - a ring of magical power (right hand)
 w - a +6 ring of intelligence
Wands
 r - a wand of acid (8)
 C - a wand of paralysis (10)
Scrolls
 n - 4 scrolls of teleportation
 q - a scroll of amnesia
 B - a scroll of magic mapping
Potions
 f - 2 potions of heal wounds
 h - 2 potions of curing
 k - a potion of flight
 t - a potion of attraction {unknown}
 z - a potion of might {unknown}
 A - a potion of brilliance {unknown}


   Skills:
 * Level 1.5 Fighting
 + Level 0.9(1.7) Short Blades
 + Level 2.3(2.4) Long Blades
 + Level 3.2 Armour
 + Level 2.5 Dodging
 - Level 2.1 Stealth
 + Level 2.1 Shields
 + Level 7.9 Spellcasting
 + Level 9.9 Conjurations
 - Level 0.7 Transmutations
 + Level 9.8 Earth Magic


You had 19 spell levels left.
You knew the following spells:

 Your Spells              Type           Power      Damage    Failure   Level
a - Sandblast             Erth           80%        2d17      2%          1
b - Stone Arrow           Conj/Erth      80%        3d12      7%          3
d - Magic Dart            Conj           100%       1d8       2%          1

Your spell library contained the following spells:

 Spells                   Type           Power      Damage    Failure   Level
 Scorch                   Fire           12%        2d6       90%         2
 Searing Ray              Conj           80%        2d7       3%          2
 Foxfire                  Conj/Fire      92%        2x1d8     17%         1
 Passwall                 Tmut/Erth      20%        N/A       24%         2
 Petrify                  Tmut/Erth      24%        N/A       83%         4
 Fulminant Prism          Conj/Hex       11%        3d9       86%         4
 Lightning Bolt           Conj/Air       11%        1d24      99%         5
 Airstrike                Air            3%         N/A       100%        4
 Summon Lightning Spire   Summ/Air       6%         N/A       100%        4


Dungeon Overview and Level Annotations

Branches:
Dungeon (8/15)             Temple (1/1) D:4
   Lair: D:8-11

Altars:
Ashenzari
Cheibriados
Dithmenos
Elyvilon
Fedhas
Gozag
Hepliaklqana
Kikubaaqudgha
Makhleb
Nemelex Xobeh
Okawaru
Qazlal
Ru
Sif Muna
Trog
Uskayaw
Vehumet
Wu Jian
Xom
Yredelemnul
Zin
The Shining One

Shops:
D:7 :[*[

Annotations:
D:8 1 runed translucent door, aoei's ghost, novice MiBe


Innate Abilities, Weirdness & Mutations

You are immune to sickness and miasma.
Your stone body is resilient. (AC +7)
You are immune to poison.
You resist negative energy. (rN+)
You are resistant to electric shocks. (rElec)
You are resistant to unholy torment.
You are immune to petrification.


Message History

The kobold demonologist mumbles some strange words.
The stone arrow hits the quasit!!
You kill the quasit!
The quasit disappears in a puff of smoke!
The kobold demonologist casts a spell.
The stone arrow hits the neqoxec!
The neqoxec is heavily wounded.
The kobold demonologist casts a spell.
The stone arrow hits the neqoxec!!
You kill the neqoxec!
The neqoxec disappears in a puff of smoke!
The smoke demon gestures at you. The ball of steam hits you.
The stone arrow hits the kobold demonologist!
The kobold demonologist is moderately wounded.
You are engulfed in a cloud of scalding steam.
The kobold demonologist gestures wildly while chanting.
The stone arrow hits the iron imp!
The iron imp is moderately wounded.
You are engulfed in a cloud of scalding steam.
The stone arrow hits the iron imp!!
You kill the iron imp!
The iron imp disappears in a puff of smoke!
You are engulfed in a cloud of scalding steam.
You block the ufetubus's attack. x2; The ufetubus closely misses you.
The ufetubus hits you.
The stone arrow misses the ufetubus.
You are engulfed in a cloud of scalding steam.
The ufetubus closely misses you. x2
The kobold demonologist gestures wildly while chanting.
The stone arrow hits the sun demon but does no damage.
You are engulfed in a cloud of scalding steam.
The ufetubus is engulfed in a cloud of scalding steam.
The ufetubus hits you but does no damage.
You block the ufetubus's attack.
The kobold demonologist casts a cantrip, but nothing happens.
The sun demon hits you!!
* * * LOW HITPOINT WARNING * * *
You are engulfed in flames!
You die...

###..............≈....#
..#..............≈....#
..#...................#
..#...................
..#.........#..###.###
...................#
................#..#
##............##...#
#.#..........# #@§.#
.#.##......## #5.3.#
..##.#....# #.3K..#
..#.#.####. #...§.#
...#.##..# ......#
....##.... .......#
......... ........#
......... .........#
....##...


You could see a sun demon (summoned), a kobold demonologist, a smoke demon
(summoned) and an ufetubus (summoned).

Vanquished Creatures
  Harold (D:7)
  4 centaur zombies
  A hornet (D:7)
  Prince Ribbit (D:7)
  3 slime creatures (D:8)
  6 yaks (D:7)
  A steam dragon (D:7)
  Menkaure (D:7)
  3 water moccasins (D:7)
  An orc warrior (D:6)
  An ice beast (D:7)
  A black bear (D:7)
  3 ogres
  2 centaurs
  A phantom (D:7)
  2 kobold brigands
  2 gnoll sergeants (D:6)
  3 scorpions
  A water moccasin skeleton (D:7)
  2 hounds
  3 jellies
  4 orc priests
  3 centaur skeletons
  2 iguanas
  Terence (D:2)
  3 orc wizards (D:6)
  A killer bee zombie (D:8)
  2 howler monkey zombies (D:6)
  Robin (D:4)
  9 gnolls (D:6)
  A howler monkey skeleton (D:7)
  10 adders
  A shadow imp (D:6)
  5 white imps
  2 ufetubi
  A worm (D:2)
  3 dart slugs
  7 orcs
  4 ball pythons
  8 endoplasms
  A giant cockroach (D:1)
  18 goblins
  10 hobgoblins
  6 jackals
  4 quokkas
  2 bats
  6 frilled lizards
  10 kobolds
  A quokka skeleton (D:4)
  3 rats
172 creatures vanquished.

Vanquished Creatures (others)
  2 foxfires (D:6)
2 creatures vanquished.

Grand Total: 174 creatures vanquished

Notes
Turn   | Place    | Note
-------+----------+-------------------------------------------
     0 | D:1      | Cykl0x the Gargoyle Earth Elementalist began the quest for
                  | the Orb.
     0 | D:1      | Reached XP level 1. HP: 10/10 MP: 3/3
    90 | D:1      | Reached XP level 2. HP: 14/15 MP: 0/5
   658 | D:1      | Reached skill level 1 in Conjurations
   658 | D:1      | Reached XP level 3. HP: 19/19 MP: 4/6
   662 | D:1      | Learned a level 3 spell: Stone Arrow
  1233 | D:2      | Noticed Terence
  1677 | D:2      | Reached XP level 4. HP: 24/24 MP: 3/7
  1977 | D:2      | Reached skill level 5 in Earth Magic
  2200 | D:2      | Found a blossoming altar of Fedhas.
  2445 | D:2      | Killed Terence
  2446 | D:2      | Reached XP level 5. HP: 9/28 MP: 0/9
  2997 | D:3      | Found a faded altar of an unknown god.
  3510 | D:4      | Found a staircase to the Ecumenical Temple.
  3523 | Temple   | Entered the Ecumenical Temple
  3583 | Temple   | Became a worshipper of Vehumet
  3629 | D:4      | Noticed an ogre
  3635 | D:4      | Killed an ogre
  3636 | D:4      | Reached XP level 6. HP: 32/32 MP: 0/11
  3732 | D:4      | Noticed Robin
  3743 | D:4      | Killed Robin
  3989 | D:4      | Reached * piety under Vehumet
  3989 | D:4      | Offered knowledge of Foxfire by Vehumet.
  3992 | D:4      | Learned a level 1 spell: Foxfire
  4025 | D:5      | Entered Level 5 of the Dungeon
  4118 | D:5      | Reached XP level 7. HP: 36/36 MP: 5/13
  4221 | D:5      | Reached skill level 5 in Spellcasting
  4269 | D:5      | Reached skill level 5 in Conjurations
  4269 | D:5      | Reached XP level 8. HP: 41/41 MP: 11/15
  4419 | D:5      | You fall into a shaft and drop 2 floors!
  4423 | D:7      | Found Jefewole's Antique Armour Shop.
  4463 | D:7      | Noticed Menkaure
  4473 | D:7      | Killed Menkaure
  4795 | D:6      | Found a glowing silver altar of Zin.
  4906 | D:6      | Reached XP level 9. HP: 35/45 MP: 15/18
  5058 | D:6      | Reached ** piety under Vehumet
  5058 | D:6      | Offered knowledge of Searing Ray by Vehumet.
  5471 | D:6      | Reached skill level 1 in Armour
  5662 | D:6      | Learned a level 1 spell: Magic Dart
  6198 | D:7      | Reached skill level 1 in Long Blades
  6216 | D:7      | Reached skill level 1 in Shields
  6232 | D:7      | Reached skill level 1 in Fighting
  6232 | D:7      | Reached XP level 10. HP: 18/52 MP: 10/20
  6465 | D:7      | Noticed Harold
  6479 | D:7      | Killed Harold
  6511 | D:7      | Offered knowledge of Scorch by Vehumet.
  6667 | D:7      | Noticed Prince Ribbit
  6672 | D:7      | Killed Prince Ribbit
  6731 | D:7      | Found Mezewurr's Book Emporium.
  6834 | D:7      | Found Iteroa's Armour Emporium.
  6870 | D:7      | Found Sistrud's Assorted Antiques.
  7747 | D:8      | Found a runed translucent door.
  7747 | D:8      | Noticed aoei's ghost (novice MiBe)
  7799 | D:8      | Noticed a kobold demonologist
  7803 | D:8      | Noticed a smoke demon
  7808 | D:8      | Noticed a sun demon
  7808 | D:8      | Slain by a sun demon

Illustrated notes

Levels and vault maps discovered:
D:1:      doesnt_arrival_eight_statues, layout_basic,
          chequers_serial_rivers_small_a
D:2:      layout_basic, serial_glass, glass_columns_c, glass_columns_a,
          basic_altar, uniq_terence
D:3:      layout_rooms, basic_ecumenical_altar
D:4:      layout_rooms, minmay_temple_entry_large_hall, uniq_robin
D:5:      minmay_octagon_keep, layout_basic, minmay_chambers_of_fives
D:6:      layout_gridville, mainiacjoe_overflow_paths
D:7:      layout_loops_ring, serial_shops, nicolae_square_shop, shop_fountains,
          nicolae_shop_advertising_works [nicolae_subvault_shop_adworks],
          nicolae_shop_window_shopping, minmay_puff, uniq_prince_ribbit1,
          uniq_menkaure, uniq_harold
D:8:      layout_basic, ebering_ghost_inner_flame,
          minmay_misc_feat_secret_circle
Temple:   dpeg_three_leaves_temple

Skill      XL: |  1  2  3  4  5  6  7  8  9 10 |
---------------+-------------------------------+-----
Earth Magic    | 4 5 6 8 9 |  9.8
Conjurations   | 1 3 5 7 8 9 |  9.9
Spellcasting   | 3 4 5 6 7 |  7.9
Dodging        | 2 |  2.5
Armour         | 2 3 |  3.2
Long Blades    | 1 2 |  2.3
Shields        | 1 2 |  2.1
Fighting       | 1 |  1.5
Short Blades   | |  0.9
Stealth        | |  2.1
Transmutations | |  0.7

Action                   |  1- 3 |  4- 6 |  7- 9 | 10-12 || total
-------------------------+-------+-------+-------+-------++-------
Melee: Unarmed           |     2 |       |       |       ||     2
       Short sword       |     8 |    10 |       |       ||    18
       Dagger            |       |       |     4 |       ||     4
       Falchion          |       |       |    64 |    29 ||    93
       Punch             |       |       |     1 |       ||     1
 Cast: Sandblast         |    28 |    42 |     1 |       ||    71
       Stone Arrow       |    10 |    50 |   109 |    65 ||   234
       Magic Dart        |       |       |     7 |       ||     7
       Foxfire           |       |       |     1 |       ||     1
  Use: Scroll            |     4 |     5 |     3 |     1 ||    13
Armor: Robe              |     4 |    15 |    20 |       ||    39
       Scale mail        |       |       |    70 |    48 ||   118
Dodge: Dodged            |    15 |    23 |    39 |    27 ||   104
Block: Kite shield       |       |       |    18 |    20 ||    38
